 Dungeon Crawl Stone Soup version 0.31-a0-188-g5e087ee2ca (webtiles) character file.

Game seed: 10813604528380956737

261 qw the Skirmisher (level 5, -5/31 HPs)
             Began as a Deep Elf Hunter on June 23, 2023.
             Slain by a black bear (6 damage)
             ... on level 4 of the Dungeon.
             The game lasted 00:00:55 (2084 turns).

qw the Skirmisher (Deep Elf Hunter)                 Turns: 2084, Time: 00:00:55

Health: -5/31      AC: 10    Str: 10    XL:     5   Next: 96%
Magic:  7/7        EV: 11    Int: 14    God:
Gold:   95         SH:  0    Dex: 18    Spells: 4/4 levels left

rFire   . . .        Y - +0 arbalest
rCold   + . .        (shield currently unavailable)
rNeg    . . .        l - +0 ring mail
rPois   .            (no helmet)
rElec   .            (no cloak)
rCorr   .            b - +0 pair of gloves
SInv    .            (no boots)
Will    .....        (no amulet)
Stlth   +            a - ring of protection from cold
HPRegen 0.25/turn    d - +4 ring of protection
MPRegen 0.10/turn

%: no passive effects
@: no status effects
A: no striking features
a: no special abilities


You were on level 4 of the Dungeon.
You visited 2 branches of the dungeon, and saw 5 of its levels.

You collected 95 gold pieces.


   Skills:
 - Level 2.5 Fighting
 + Level 9.0 Ranged Weapons
 - Level 2.4 Dodging
 - Level 1.2 Stealth


You had 4 spell levels left.
You didn't know any spells.
Your spell library was empty.

Inventory:

Hand Weapons
 Y - a +0 arbalest (weapon)
Armour
 b - a +0 pair of gloves (worn)
 j - a +2 pair of boots
 l - a +0 ring mail (worn)
Jewellery
 a - a ring of protection from cold (left hand)
 d - a +4 ring of protection (right hand)
Scrolls
 c - a scroll of revelation {unknown}
Potions
 e - a potion of resistance
 f - a potion of berserk rage {unknown}
 g - a potion of heal wounds
 h - a potion of might
 i - a potion of ambrosia {unknown}
 m - a potion of lignification {unknown}

Dungeon Overview and Level Annotations

Branches:
Dungeon (4/15)             Temple (1/1) D:4

Altars:
Ashenzari
Cheibriados
Dithmenos
Gozag
Hepliaklqana
Kikubaaqudgha
Nemelex Xobeh
Qazlal
Sif Muna
Uskayaw
Wu Jian
Xom
Yredelemnul


Message History

A quokka comes into view.
You see here 7 gold pieces.
Enter note:
Enter note: You shoot a bolt.
The bolt hits the quokka.
You kill the quokka!
You now have 95 gold pieces (gained 7).
A black bear comes into view.
Found 11 gold pieces.
The black bear growls angrily.
Enter note:
Enter note: You shoot a bolt.
The bolt barely misses the black bear.
You shoot a bolt.
The bolt hits the black bear but does no damage.
You shoot a bolt. The bolt hits the black bear.
The black bear is lightly wounded.
The black bear barely misses you. The black bear claws you.
The black bear claws you but does no damage.
You shoot a bolt.
The bolt completely misses the black bear.
The black bear bites you but does no damage.
The black bear claws you but does no damage.
The black bear barely misses you. x2
The black bear claws you but does no damage.
The black bear barely misses you.
You shoot a bolt. The bolt hits the black bear!!
The black bear is almost dead.
The black bear bites you. The black bear barely misses you.
The black bear claws you. The black bear bites you. The black bear claws you.
The black bear barely misses you.
You shoot a bolt. The bolt barely misses the black bear.
The black bear goes berserk!
You shoot a bolt. The bolt closely misses the black bear.
The black bear closely misses you. The black bear claws you.
The black bear claws you but does no damage.
The black bear bites you.
The black bear claws you but does no damage. x2
The black bear bites you! The black bear claws you.
You die...

#..###.............#...(........
##..# #...............#.##.......
#...###....##..####..####...##...
#.....#........####... ..........
##.......##...#..................
...........%..#.....>#....P7....P
......##........# # #.. 77..77
.>..####........##.##.## 7..
..... #.........@.....%# .}
....#........####h......
#.......##..## .......
##..#........ #....## #
###....... ....# #........ ....#
#......... ...# #.......... ...$


You could see a black bear (berserk).

Vanquished Creatures
  A bullfrog (D:4)
  Jessica (D:3)
  A hound zombie (D:3)
  A gnoll (D:1)
  6 adders
  An adder zombie (D:3)
  6 orcs (D:3)
  11 endoplasms
  2 giant cockroaches (D:2)
  8 goblins
  5 hobgoblins
  8 jackals
  2 kobolds
  6 quokkas
  9 ball pythons
  3 bats
  3 frilled lizards
  7 rats
81 creatures vanquished.

Notes
Turn   | Place    | Note
-------+----------+-------------------------------------------
     0 | D:1      | qw the Deep Elf Hunter began the quest for the Orb.
     0 | D:1      | Reached XP level 1. HP: 12/12 MP: 3/3
     0 | D:1      | 0 ||| qw: Version: 0.3-a-9-g12657ce
     0 | D:1      | 0 ||| qw: Game counter: 3362
     0 | D:1      | 0 ||| qw: Always use a shield: true
     0 | D:1      | 0 ||| qw: God list: Okawaru
     0 | D:1      | 0 ||| qw: Allow faded altars: false
     0 | D:1      | 0 ||| qw: Do Orc after D:15 true
     0 | D:1      | 0 ||| qw: Do second Lair branch before Depths: true
     0 | D:1      | 0 ||| qw: Lair rune preference: random
     0 | D:1      | 0 ||| qw: Plans: Normal
     0 | D:1      | 0 ||| PLANNING D:1-11
    55 | D:1      | 55 ||| SWAPPING to +0 arbalest.
    57 | D:1      | 57 ||| DROPPING +0 shortbow.
   148 | D:1      | Reached skill level 6 in Ranged Weapons
   148 | D:1      | Reached XP level 2. HP: 16/16 MP: 4/4
   474 | D:1      | 474 ||| DROPPING ring of wizardry.
   475 | D:1      | 475 ||| DROPPING scroll of butterflies.
   508 | D:2      | Reached XP level 3. HP: 20/20 MP: 5/5
   687 | D:2      | Reached skill level 7 in Ranged Weapons
   849 | D:2      | Found a faded altar of an unknown god.
   890 | D:2      | Reached XP level 4. HP: 25/25 MP: 6/6
   992 | D:2      | 992 ||| UPGRADING to +0 pair of gloves.
   997 | D:2      | 997 ||| UPGRADING to ring of protection from cold.
   998 | D:2      | 998 ||| READING scroll labelled JIEWNA WUXORCH.
  1139 | D:3      | Found a shadowy altar of Dithmenos.
  1153 | D:3      | Reached skill level 8 in Ranged Weapons
  1397 | D:3      | 1397 ||| FLEEEEING.
  1398 | D:3      | 1398 ||| FLEEEEING.
  1399 | D:3      | 1399 ||| FLEEEEING.
  1400 | D:3      | 1400 ||| FLEEEEING.
  1401 | D:3      | 1401 ||| FLEEEEING.
  1402 | D:3      | 1402 ||| FLEEEEING.
  1407 | D:3      | 1407 ||| FLEEEEING.
  1411 | D:3      | 1411 ||| FLEEEEING.
  1412 | D:3      | 1412 ||| FLEEEEING.
  1413 | D:3      | 1413 ||| FLEEEEING.
  1418 | D:3      | 1418 ||| FLEEEEING.
  1423 | D:3      | 1423 ||| FLEEEEING.
  1424 | D:3      | 1424 ||| FLEEEEING.
  1562 | D:3      | Noticed Jessica
  1567 | D:3      | Killed Jessica
  1568 | D:3      | Reached XP level 5. HP: 24/29 MP: 7/7
  1637 | D:3      | Found a basalt altar of Yredelemnul.
  1773 | D:3      | 1773 ||| UPGRADING to +0 ring mail.
  1783 | D:3      | 1783 ||| DROPPING +0 leather armour.
  1784 | D:3      | 1784 ||| UPGRADING to +4 ring of protection.
  1785 | D:3      | 1785 ||| READING scroll labelled RAUR KEREYJESA.
  1786 | D:3      | 1786 ||| DRINKING 2 white potions.
  1787 | D:3      | 1787 ||| DRINKING 2 green potions.
  1788 | D:3      | 1788 ||| DRINKING 2 fuming pink potions.
  1789 | D:3      | 1789 ||| DRINKING 3 metallic grey potions.
  1790 | D:3      | 1790 ||| DROPPING 2 potions of magic.
  1810 | D:4      | Reached skill level 9 in Ranged Weapons
  1821 | D:4      | Found a staircase to the Ecumenical Temple.
  1822 | D:4      | 1822 ||| PLANNING TEMPLE
  1835 | Temple   | Entered the Ecumenical Temple
  2000 | Temple   | 2000 ||| PLANNING D:1-11
  2077 | D:4      | Noticed a black bear
  2084 | D:4      | HP: 1/31 [black bear (7)]
  2084 | D:4      | Slain by a black bear

Levels and vault maps discovered:
D:1:      giann_bridges, layout_basic, chequers_serial_rivers_micro_c
D:2:      layout_basic, basic_ecumenical_altar
D:3:      layout_basic, mainiacjoe_overflow_brackets,
          lemuel_zombie_altar_yredelemnul, uniq_jessica
D:4:      layout_cave_pools, nicolae_overflow_crystal_walls, old_standard_altar,
          minmay_temple_entry_purple_smoke, serial_park, serial_park_fountain,
          serial_park_tiny_1, serial_park_tiny_1, serial_park_square1
          [serial_park_minivault_5x5_4], serial_park_tiny_pond
Temple:   nicolae_temple_bog_church

Skill      XL: |  1  2  3  4  5 |
---------------+----------------+-----
Ranged Weapons | 6 7 8 9 |  9.0
Fighting       | 2 |  2.5
Dodging        | |  2.4
Stealth        | |  1.2

Action                     |  1- 3 |  4- 6 || total
---------------------------+-------+-------++-------
   Fire: Arbalest          |    62 |    83 ||   145
         Shortbow          |     5 |       ||     5
    Use: Scroll            |       |     2 ||     2
         Potion            |       |     4 ||     4
 Armour: Leather armour    |     2 |     6 ||     8
         Ring mail         |       |    13 ||    13
  Dodge: Dodged            |     8 |    31 ||    39

Table legend:
 A = Non-vault XP
 B = Vault XP
 C = Vault XP percentage of total XP
 D = Non-vault monster count
 E = Vault monster count
 F = Vault count percentage of total count
                 A         B        C        D         E       F
            +---------+---------+-------+---------+---------+-------
      Total |     308 |      65 |  17.4 |      78 |       3 |   3.7
            +---------+---------+-------+---------+---------+-------
        D:1 |      39 |       0 |   0.0 |      17 |       0 |   0.0
        D:2 |      81 |       0 |   0.0 |      27 |       0 |   0.0
        D:3 |      89 |      65 |  42.2 |      27 |       3 |  10.0
        D:4 |      99 |       0 |   0.0 |       7 |       0 |   0.0
            +---------+---------+-------+---------+---------+-------
